AoeStats
← siemen2311

Arabia

509378329Analyzed
1v1 RM · 6d ago on Sep 26, 2026· 23m 8s· 2 players
Game mode
Random Map
Map size
Tiny (2 player)
Population
200
Speed
Normal
Resources
Standard
Victory
Conquest
Starting age
Dark Age
Ending age
Imperial Age
RankedLock teamsTeams togetherTeam positionsShared explorationLock speedFull tech treeHidden civsTurbo modeCheats
Victory
Defeat
🇪🇸 Cumans · Spain
824
+17
🇳🇱 Burgundians · Netherlands
838
-37
tormeento
4:21 Loom
14:02 Feudal Age
siemen2311
13:25 Feudal Age
13:16 Double-Bit Axe
13:14 Horse Collar
15:26 Feudal Age
14:14 Loom
20:00 Man-at-Arms
20:34 Arson
Connection lost

Rejoining the realm…

Still unreachable

The connection could not be restored.

Session expired

The server has moved on; the page needs a fresh start.